 Dungeon Crawl Stone Soup version 0.28.0-45-g0d030f2227 (webtiles) character file.

Game seed: 5702750323052214933

4104 Mesmaeker13 the Firebug (level 9, 0/62 HPs)
             Began as a Demigod Fire Elementalist on Apr 22, 2022.
             Succumbed to a hornet's poison
             ... on level 7 of the Dungeon.
             The game lasted 00:16:26 (8749 turns).

Mesmaeker13 the Firebug (Demigod Fire Elementalist) Turns: 8749, Time: 00:16:26

Health: 0/62       AC:  7    Str: 13    XL:     9   Next: 78%
Magic:  8/22       EV: 14    Int: 25    God:
Gold:   302        SH:  0    Dex: 14    Spells: 13/21 levels left

rFire   + . .      SeeInvis .   i - +4 long sword (freeze)
rCold   x . .      Faith    .   (no shield)
rNeg    . . .      Spirit   .   r - +2 leather armour {Will+}
rPois   .          Reflect  .   z - +1 helmet
rElec   .          Harm     .   p - scarf {repulsion}
rCorr   .          Rampage  .   (no gloves)
Will    ++...                   (no boots)
Stlth   ++........              (no amulet)
HPRegen 0.20/turn               h - ring of willpower
MPRegen 0.18/turn               l - ring of fire

@: mighty, lethally poisoned (0 -> -16), slowed, repel missiles, very slow
A: high MP 1, forlorn, divine attributes
a: no special abilities


You were on level 7 of the Dungeon.
You visited 1 branch of the dungeon, and saw 8 of its levels.

You collected 346 gold pieces.
You spent 44 gold pieces at shops.

Inventory:

Hand Weapons
 i - a +4 long sword of freezing (weapon)
Missiles
 m - 2 javelins
 w - a throwing net (quivered)
Armour
 n - a +2 ring mail of cold resistance
 p - a scarf of repulsion (worn)
 r - a +2 leather armour of willpower (worn)
 z - a +1 helmet (worn)
 A - a +1 leather armour of fire resistance
Jewellery
 e - a ring of ice
 h - a ring of willpower (left hand)
 l - a ring of fire (right hand)
 x - the ring of Soixt {rN+ MP+9}
   (You acquired it on level 5 of the Dungeon)

   [ring of magical power]

   rN:        It protects you from negative energy.
   MP:        It affects your magic capacity (+9).
Scrolls
 d - a scroll of enchant armour
 f - 5 scrolls of teleportation
 j - a scroll of holy word
 k - 3 scrolls of blinking
 o - 3 scrolls of magic mapping {unknown}
 q - a scroll of immolation {unknown}
 s - a scroll of fear {unknown}
 u - 2 scrolls of amnesia
 y - a scroll of brand weapon
Potions
 a - a potion of brilliance
 c - a potion of cancellation
 g - a potion of resistance
 t - 2 potions of attraction
 v - a potion of lignification {unknown}


   Skills:
 + Level 6.2 Dodging
 - Level 1.7 Stealth
 + Level 6.5 Spellcasting
 + Level 6.9 Conjurations
 + Level 7.4 Fire Magic


You had 13 spell levels left.
You knew the following spells:

 Your Spells              Type           Power      Damage    Failure   Level
a - Foxfire               Conj/Fire      100%       2x1d9     1%          1
b - Scorch                Fire           100%       2d10      1%          2
c - Shock                 Conj/Air       100%       1d9       2%          1
d - Flame Wave            Conj/Fire      60%        2d12      4%          4

Your spell library contained the following spells:

 Spells                   Type           Power      Damage    Failure   Level
 Conjure Flame            Conj/Fire      60%        6-21      1%          3
 Inner Flame              Hex/Fire       40%        N/A       6%          3
 Pain                     Necr           32%        1d5       9%          1
 Agony                    Necr           8%         N/A       94%         5
 Excruciating Wounds      Necr           4%         N/A       94%         5


Dungeon Overview and Level Annotations

Branches:
Dungeon (8/15)             Temple (0/1) D:7
   Lair: D:8-11

Shops:
D:2 ?

Annotations:
D:3 1 runed translucent door, PanSaczeczos's ghost, weakling DrDe


Innate Abilities, Weirdness & Mutations

You have an increased reservoir of magic. (+10% MP)
You shall have no god before yourself.
Your divine heritage dramatically boosts your attributes as you level up.


Message History

The hornet is heavily wounded.
The hornet stings you!
You are poisoned.
You feel yourself slow down. The hornet closely misses you.
Casting: Scorch (safe; 1% risk of failure)
Confirm with . or Enter, or press ? or * to list all spells.
You feel a surge of power!
Flames lash the hornet.
The hornet is burned terribly!
The hornet is severely wounded.
You feel very sick. The hornet stings you.
You are more poisoned.
You feel as though you will be slow longer.
The hornet stings you.
You are lethally poisoned!
You feel as though you will be slow longer.
Casting: Scorch (safe; 1% risk of failure)
Confirm with . or Enter, or press ? or * to list all spells.
You feel a surge of power!
Flames lash the hornet.
The hornet is burned terribly!
The hornet is almost dead.
* * * LOW HITPOINT WARNING * * *
You feel extremely sick. The hornet stings you.
* * * LOW HITPOINT WARNING * * *
You feel as though you will be slow longer.
The hornet barely misses you.
Casting: Scorch (safe; 1% risk of failure)
Confirm with . or Enter, or press ? or * to list all spells.
You don't know that spell.
Casting: Scorch (safe; 1% risk of failure)
Confirm with . or Enter, or press ? or * to list all spells.
You feel a surge of power!
Flames lash the hornet.
The hornet is burned terribly!
You kill the hornet!
* * * LOW HITPOINT WARNING * * *
You feel extremely sick.
It was a potion of might.
You feel very mighty all of a sudden.
You die...

....#.............#
..>.#..>..........#
######'###.##....## ####
...##...##.######## ####...
.........#........# #......
.........#.......># ######.#...)
.........#........# #...........
.........#........# #.#.#.#.#.#.
...###..###...##@#####...........
...###..# #...##†#..#..#.......#.
....#.........v#...#.............
)÷..# .........#..)#...#...>...#.
....# .........#...#.............
....# ........y#...#...#y......#.
.)..# .........#...#.............
....# #..[#...#.#.#.#(#. .)..# ##
#.#####...........


There were no monsters in sight!

Vanquished Creatures
  Harold (D:7)
  Joseph (D:7)
  A hornet (D:7)
  Grinder (D:3)
  Sigmund (D:2)
  5 yaks
  Edmund (D:6)
  Duvessa (D:4)
  An orc warrior (D:7)
  A centaur (D:6)
  An ogre (D:5)
  2 kobold brigands
  A scorpion (D:5)
  Dowan (D:4)
  2 killer bees (D:7)
  6 wights
  A jelly (D:5)
  4 hounds
  3 centaur zombies
  2 bullfrog skeletons
  Terence (D:2)
  6 iguanas
  Ijyb (D:3)
  Natasha (twice) (D:3)
  4 orc wizards
  3 gnolls (D:3)
  A howler monkey skeleton (D:4)
  6 adders
  A white imp (D:7)
  4 ufetubi
  An adder skeleton (D:2)
  3 worms
  3 dart slugs
  4 orcs
  8 endoplasms
  6 giant cockroaches
  5 goblins
  6 hobgoblins
  17 kobolds
  3 quokkas
  6 ball pythons
  7 bats
  4 frilled lizards
  6 rats
145 creatures vanquished.

Vanquished Creatures (others)
  338 foxfires
  2 withered plants (D:3)
340 creatures vanquished.

Grand Total: 485 creatures vanquished

Notes
Turn   | Place    | Note
-------+----------+-------------------------------------------
     0 | D:1      | Mesmaeker13 the Demigod Fire Elementalist began the quest
                  | for the Orb.
     0 | D:1      | Reached XP level 1. HP: 14/14 MP: 5/5
   239 | D:1      | Reached skill level 1 in Conjurations
   603 | D:1      | Reached XP level 2. HP: 15/20 MP: 4/7
   702 | D:1      | Got Plato's Collected Works on Weightlessness
   716 | D:1      | Reached skill level 3 in Fire Magic
  1569 | D:2      | Found Linly's Magic Scroll Shoppe.
  1592 | D:2      | Bought a scroll of identify for 22 gold pieces
  1592 | D:2      | Bought a scroll of identify for 22 gold pieces
  1614 | D:2      | Reached XP level 3. HP: 26/26 MP: 7/9
  1627 | D:2      | Learned a level 2 spell: Scorch
  1817 | D:2      | Noticed Terence
  1882 | D:2      | Killed Terence
  2385 | D:2      | Reached XP level 4. HP: 16/33 MP: 6/10
  2612 | D:2      | Noticed Sigmund
  3046 | D:3      | Learned a level 1 spell: Shock
  3166 | D:3      | Found a runed translucent door.
  3166 | D:3      | Noticed PanSaczeczos's ghost (weakling DrDe)
  3409 | D:3      | Noticed Grinder
  3409 | D:3      | Paralysed by Grinder for 3 turns
  3420 | D:3      | Killed Grinder
  3421 | D:3      | Reached skill level 4 in Fire Magic
  3421 | D:3      | Reached XP level 5. HP: 38/38 MP: 7/13
  3421 | D:3      | Reached XP level 6. HP: 45/45 MP: 7/14
  3605 | D:3      | Noticed Ijyb
  3615 | D:3      | Killed Ijyb
  3922 | D:3      | Noticed Natasha
  3928 | D:3      | Killed Natasha
  4208 | D:4      | Noticed Dowan
  4239 | D:4      | Noticed Duvessa
  4243 | D:4      | Killed Dowan
  4249 | D:4      | Killed Duvessa
  4268 | D:4      | Reached XP level 7. HP: 38/49 MP: 13/16
  5157 | D:5      | Entered Level 5 of the Dungeon
  5171 | D:5      | Noticed a yak
  5171 | D:5      | Noticed a yak
  5182 | D:4      | Killed a yak
  5183 | D:4      | Reached skill level 5 in Fire Magic
  5640 | D:5      | Reached XP level 8. HP: 57/57 MP: 15/18
  5896 | D:2      | Killed Sigmund
  5897 | D:2      | Reached skill level 5 in Spellcasting
  5897 | D:2      | Reached skill level 5 in Conjurations
  6040 | D:3      | Noticed Natasha
  6042 | D:3      | Killed Natasha
  6216 | D:5      | Reached skill level 6 in Fire Magic
  6612 | D:5      | Identified a scroll of acquirement
  6613 | D:5      | Acquired the ring of Soixt {rN+ MP+9}
  6779 | D:5      | Learned a level 4 spell: Flame Wave
  7278 | D:6      | Noticed Edmund
  7289 | D:6      | Killed Edmund
  7290 | D:6      | Reached skill level 5 in Dodging
  7817 | D:7      | Noticed Harold
  7823 | D:7      | Killed Harold
  7824 | D:7      | Reached XP level 9. HP: 62/62 MP: 10/21
  7930 | D:7      | Reached skill level 7 in Fire Magic
  8348 | D:7      | Found a staircase to the Ecumenical Temple.
  8352 | D:7      | You fall into a shaft and drop 1 floor!
  8538 | D:7      | Noticed Joseph
  8561 | D:7      | Killed Joseph
  8749 | D:7      | Succumbed to a hornet's poison

Illustrated notes

Levels and vault maps discovered:
D:1:      elethiomel_arrival_maze, layout_basic,
          shapermc_ecumenical_altar_rom_forum, minmay_ruptured
D:2:      mumra_celtic_spiral_tile, layout_rooms, serial_shops, shop,
          uniq_terence, uniq_sigmund
D:3:      layout_basic, gammafunk_ghost_grave, minmay_cut_off, uniq_natasha,
          uniq_ijyb, uniq_grinder
D:4:      layout_loops_ring, nicolae_overflow_quartered_altars,
          wad_floor_pattern_1, uniq_duvessa
D:5:      layout_cave_pools, chequers_serial_rivers_small_b
D:6:      layout_basic, nicolae_overflow_hallway_of_the_gods,
          minmay_misc_feat_rows, st_stairs_2, uniq_edmund
D:7:      layout_gridville, minmay_temple_entry_glass,
          minmay_misc_feat_ornament, uniq_joseph, uniq_harold
D:8:      layout_basic, grunt_tough_drop

Skill      XL: |  1  2  3  4  5  6  7  8  9 |
---------------+----------------------------+-----
Conjurations   | 1 2 3 4 6 |  6.9
Spellcasting   | 2 3 4 6 |  6.5
Fire Magic     | 3 4 5 6 7 |  7.4
Dodging        | 2 3 5 6 |  6.2
Stealth        | |  1.7

Action                   |  1- 3 |  4- 6 |  7- 9 || total
-------------------------+-------+-------+-------++-------
Melee: Short sword       |       |     9 |     4 ||    13
       Long sword        |       |       |     3 ||     3
Throw: Throwing net      |       |       |     1 ||     1
 Cast: Foxfire           |    69 |    38 |   105 ||   212
       Scorch            |     4 |    27 |    64 ||    95
       Flame Wave        |       |       |     4 ||     4
Evoke: Wand              |     1 |    11 |     7 ||    19
  Use: Scroll            |     3 |     1 |     8 ||    12
       Potion            |       |     4 |     1 ||     5
 Stab: Paralysed         |       |     2 |       ||     2
Armor: Robe              |     3 |       |       ||     3
       Leather armour    |       |     5 |    15 ||    20
Dodge: Dodged            |    20 |    11 |    75 ||   106
       Repelled          |       |     1 |     1 ||     2
